 Dungeon Crawl Stone Soup version 0.24-a0-271-ga0fc33f (webtiles) character file.

Game seed: 13704512369463026788

504 Hasart the Shield-Bearer (level 7, -1/55 HPs)
             Began as a Formicid Fighter on Apr 23, 2019.
             Was an Elder of Uskayaw.
             Slain by an orc
             ... wielding a +0 trident
              (6 damage)
             ... on level 4 of the Dungeon.
             The game lasted 00:04:55 (3679 turns).

Hasart the Shield-Bearer (Formicid Fighter)         Turns: 3679, Time: 00:04:56

Health: -1/55      AC:  7    Str: 22    XL:     7   Next: 41%
Magic:  8/8        EV:  8    Int:  8    God:    Uskayaw [****..]
Gold:   142        SH: 10    Dex: 10    Spells: 6/6 levels left

rFire    + . .     SeeInvis +   a - +0 war axe
rCold    . . .     Gourm    .   c - +0 shield
rNeg     . . .     Faith    .   b - +0 scale mail
rPois    .         Spirit   .   (helmet unavailable)
rElec    .         Reflect  .   (no cloak)
rCorr    .         Harm     .   (no gloves)
MR       .....                  (no boots)
Stlth    ..........             (no amulet)
HPRegen  0.18/turn              k - ring of protection from fire
MPRegen  0.11/turn              (no ring)

@: lightly drained
A: permanent stasis, dig shafts and tunnels, four strong arms, antennae 3
a: Dig, Shaft Self, Stomp, Line Pass, Renounce Religion


You were on level 4 of the Dungeon.
You worshipped Uskayaw.
Uskayaw was noncommittal.
You were not hungry.

You visited 1 branch of the dungeon, and saw 4 of its levels.

You collected 142 gold pieces.

Inventory:

Hand Weapons
 a - a +0 war axe (weapon)
Armour
 b - a +0 scale mail (worn)
 c - a +0 shield (worn)
Jewellery
 k - a ring of protection from fire (left hand)
Scrolls
 g - a scroll of teleportation {unknown}
 i - a scroll of fear {unknown}
 l - a scroll of immolation {unknown}
 o - a scroll of enchant weapon {unknown}
 p - a scroll of identify {unknown}
 q - 2 scrolls of remove curse {unknown}
 r - a scroll of blinking {unknown}
Potions
 d - a potion of might
 e - 2 potions of resistance {unknown}
 h - 3 potions of curing {unknown}
 m - 2 potions of lignification {unknown}
 n - a potion of cancellation {unknown}
Comestibles
 f - 8 rations
 j - a chunk of flesh


   Skills:
 + Level 4.7 Fighting
 * Level 4.9(4.8) Axes
 + Level 4.7 Armour
 + Level 5.1 Shields
 + Level 2.0(1.9) Invocations


You had 6 spell levels left.
You didn't know any spells.
Your spell library was empty.

Dungeon Overview and Level Annotations

Branches:
Dungeon (4/15)
 Temple: D:4-7

Altars:
Uskayaw
Xom

Annotations:
D:4 Menkaure


Innate Abilities, Weirdness & Mutations

You cannot be hasted, slowed, berserked, paralysed or teleported.
You can dig through walls and to a lower floor.
Your four strong arms can wield two-handed weapons with a shield.
You have a pair of large antennae on your head. (SInv)


Message History

Your base Invocations skill increases to level 2!
You block the orc's attack.
Menkaure calls on the powers of darkness!
The orc convulses!
Your body is wracked with pain!
The orc barely misses you.
Uskayaw will force your foes to share their pain.
Uskayaw links your audience in an emotional bond!
Unknown command.
Some of the chunks of flesh in your inventory have rotted away.
Items here: $ ) ? [ † a +0 whip; a cursed -2 leather armour; a scroll labeled YFE ESIH NI CUOWN 12 gold pieces; an orc corpse Your shield and scale mail prevent you from hitting Menkaure.
You hit the orc but do no damage. The orc hits you but does no damage.
Menkaure hits you. You block the orc's attack.
You closely miss Menkaure. You hit the orc but do no damage.
Menkaure is no longer sharing his pain.
The orc is no longer sharing its pain.
Menkaure hits you!
* * * LOW HITPOINT WARNING * * *
The orc hits you with a +0 trident.
You die...

.###
##............#..##...##
##
#............#..###### #
#..........^..##
#...........#
#...........#
#.........#.#
#........##.#
#....)...###. #....@))##
.. #...M.o.# ...
#.......# ... #........#
#.......## #.......#
#........# #........#


You could see Menkaure and an orc.

Vanquished Creatures
  A scorpion (D:4)
  2 orc priests
  7 orc wizards
  An iguana (D:4)
  3 gnolls (D:2)
  4 adders
  3 worms (D:2)
  A dart slug (D:1)
  7 leopard geckos
  15 orcs
  2 ball pythons
  A giant cockroach (D:1)
  7 hobgoblins
  11 bats
  5 frilled lizards
  5 goblins
  A jackal skeleton (D:4)
  8 kobolds
  8 rats
92 creatures vanquished.

Notes
Turn   | Place    | Note
-------+----------+-------------------------------------------
     0 | D:1      | Hasart the Formicid Fighter began the quest for the Orb.
     0 | D:1      | Reached XP level 1. HP: 18/18 MP: 1/1
   295 | D:1      | Reached XP level 2. HP: 24/24 MP: 2/2
   677 | D:1      | Reached XP level 3. HP: 29/29 MP: 3/3
  1143 | D:1      | Reached skill level 4 in Shields
  1290 | D:2      | Reached XP level 4. HP: 25/37 MP: 4/4
  1590 | D:2      | Found a shimmering altar of Xom.
  1594 | D:2      | Found a shimmering altar of Xom.
  1594 | D:2      | Found a shimmering altar of Xom.
  1595 | D:2      | Found a shimmering altar of Xom.
  1621 | D:2      | Found a shimmering altar of Xom.
  2217 | D:3      | Reached XP level 5. HP: 37/42 MP: 5/5
  2653 | D:3      | Found a hide-covered altar of Uskayaw.
  2698 | D:3      | Reached XP level 6. HP: 48/48 MP: 6/6
  2716 | D:3      | Became a worshipper of Uskayaw the Reveler
  2932 | D:3      | Reached * piety under Uskayaw
  3058 | D:3      | Reached ** piety under Uskayaw
  3329 | D:4      | Reached skill level 1 in Invocations
  3358 | D:4      | Reached *** piety under Uskayaw
  3360 | D:4      | Reached XP level 7. HP: 37/55 MP: 6/8
  3360 | D:4      | Reached **** piety under Uskayaw
  3477 | D:4      | Reached skill level 5 in Shields
  3671 | D:4      | Noticed Menkaure
  3679 | D:4      | Slain by an orc

Levels and vault maps discovered:
D:1:      dpeg_arrival_connections, layout_basic, minmay_pentomino_r2
D:2:      layout_loops_ring, xom_redecorated
D:3:      layout_basic, overflow_temple_1_default, first_ration,
          chequers_serial_rivers_micro_a
D:4:      layout_cave_pods, serial_shops, shop_statue, uniq_menkaure

Skill      XL: |  1  2  3  4  5  6  7 |
---------------+----------------------+-----
Shields        | 4 5 |  5.1
Axes           | 3 4 |  4.9
Fighting       | 4 |  4.7
Armour         | 4 |  4.7
Invocations    | 1 2 |  2.0

Action                   |  1- 3 |  4- 6 |  7- 9 || total
-------------------------+-------+-------+-------++-------
Melee: War axe           |    84 |   184 |    25 ||   293
 Stab: Paralysed         |       |     3 |     3 ||     6
  Eat: Chunk             |     1 |     7 |     1 ||     9
Armor: Scale mail        |    32 |    77 |    13 ||   122
Dodge: Dodged            |    19 |    64 |    10 ||    93
Block: Shield            |    39 |   125 |    19 ||   183

Table legend:
 A = Non-vault XP
 B = Vault XP
 C = Vault XP percentage of total XP
 D = Non-vault monster count
 E = Vault monster count
 F = Vault count percentage of total count
                 A         B        C        D         E       F
            +---------+---------+-------+---------+---------+-------
      Total |     718 |       2 |   0.3 |      91 |       1 |   1.1
            +---------+---------+-------+---------+---------+-------
        D:1 |      45 |       2 |   4.3 |      27 |       1 |   3.6
        D:2 |      86 |       0 |   0.0 |      22 |       0 |   0.0
        D:3 |     199 |       0 |   0.0 |      22 |       0 |   0.0
        D:4 |     388 |       0 |   0.0 |      20 |       0 |   0.0
            +---------+---------+-------+---------+---------+-------
